Map: Kairos Junction LE

Players

Haans

  • Race: Terran Terran
  • League: Master
  • Spawn Location: 5:00

Mez - Winner!

  • Race: Terran Terran
  • League: Master
  • Spawn Location: 11:00

VOD

Have the link to the VOD?

Description

Time

  • Played on: Aug. 13, 2019, 12:58 p.m.
  • Length: 3:52
Show
View Real Time Build Order
Export as new Build Order

Haans Terran 

Build Orders:  

Get SALT Encoding   

  12  0:00  SCV  
  13  0:13  SCV  
  14  0:17  Supply Depot  
  14  0:26  Refinery  
  14  0:29  SCV  
  15  0:48  Barracks  
  15  0:59  Barracks  
  15  1:04  SCV  
  16  1:17  SCV  
  17  1:29  SCV  
  18  1:34  Barracks  
  18  1:35  Reaper  
  19  1:44  Orbital Command  
  19  1:49  Reaper  
  20  2:02  Supply Depot  
  20  2:13  SCV  
  20  2:14  Reaper  
  22  2:22  Reaper  
  21  2:26  Bunker  
  21  2:32  Reaper  
Show
View Real Time Build Order
Export as new Build Order

Mez Terran - Winner!

Build Orders:  

Get SALT Encoding   

  12  0:01  SCV  
  13  0:13  SCV  
  14  0:18  Supply Depot  
  14  0:25  SCV  
  15  0:40  Barracks  
  15  1:02  Barracks  
  15  1:05  Barracks  
  15  1:10  SCV  
  16  1:22  SCV  
  17  1:29  Marine  
  18  1:35  Supply Depot  
  18  1:38  Orbital Command  
  18  1:48  Marine  
  18  1:49  Marine  
  20  1:59  Marine  
  21  2:06  Marine  
  21  2:07  Marine  
  23  2:19  Marine  
  24  2:24  Marine  
  24  2:25  Marine  
  26  2:37  Marine  
  26  2:42  Marine  
  26  2:43  Marine  
  25  2:55  Marine  
  26  2:59  Marine  
  26  3:01  Marine  
  23  3:12  Marine  
  23  3:17  Marine  
  23  3:18  Marine  
  25  3:30  Marine  
  25  3:36  SCV  
Tags
 
Add a new tag
Caveats
  • Supply blocks, unpowered buildings, or Contaminate may cause inaccurate times.
  • Supply counts are checked every 10 seconds.